General information
- name: BNet
- type: Ladder team game (AT/RT)
- host: Battle.net
- saver: timg4strok
map: Goldshire
- players: 4
- length: 24:42
- speed: Fast
- version: 1.21 W3XP
- replay type:

» download(158 KB)
Players
team 1 (loser)
LouisArmstrong (
yellow | 92 APM | 2262 actions | 24:34)
4 Death Knight
2 Death Coil
1 Unholy Aura
1 Death Pact
3 Lich
2 Frost Nova
1 Dark Ritual
» actions
| Assign group hotkey | 79 | |
| Basic commands | 84 | |
| Build / train | 71 | |
| Enter build submenu | 12 | |
| Enter hero's abilities submenu | 7 | |
| Give item / drop item | 3 | |
| Remove unit from queue | 2 | |
| Right click | 1144 | |
| Select / deselect | 386 | |
| Select group hotkey | 345 | |
| Use ability | 129 | |
2262 total
» units
| Acolyte | 4 | |
| Ghoul | 1 | |
| Crypt Fiend | 15 | |
| Obsidian Statue | 5 | |
| Meatwagon | 4 | |
| Abomination | 4 | |
33 total
» upgrades
| Creature Attack | 2 | |
| Burrow | 1 | |
| Creature Carapace | 1 | |
| Destroyer Form | 1 | |
5 total
» buildings
| Crypt | 1 | |
| Graveyard | 1 | |
| Altar of Darkness | 1 | |
| Ziggurat | 6 | |
| Tomb of Relics | 1 | |
| Nerubian Tower | 1 | |
| Halls of the Dead | 1 | |
| Slaughterhouse | 2 | |
| Black Citadel | 1 | |
| Spirit Tower | 3 | |
18 total
» build order
00:07 Crypt
00:13 Graveyard
00:29 Altar of Darkness
00:46 Ziggurat
01:00 Tomb of Relics
02:02 Ziggurat
03:07 Nerubian Tower
03:45 Ziggurat
04:32 Halls of the Dead
06:05 Ziggurat
07:40 Slaughterhouse
09:34 Black Citadel
10:53 Ziggurat
10:54 Slaughterhouse
10:57 Ziggurat
14:03 Spirit Tower
14:05 Spirit Tower
14:30 Spirit Tower
» items
| Rod of Necromancy | 2 | |
| Dust of Appearance | 1 | |
| Potion of Healing | 4 | |
| Potion of Mana | 1 | |
| Scroll of Town Portal | 2 | |
| Orb of Corruption | 1 | |
| Scroll of Healing | 2 | |
13 total
NomdeCode (
teal | 54 APM | 1328 actions | 24:40)
4 Priestess of the Moon
2 Trueshot Aura
2 Searing Arrows
» actions
| Assign group hotkey | 32 | |
| Basic commands | 56 | |
| Build / train | 42 | |
| ESC pressed | 2 | |
| Enter build submenu | 15 | |
| Enter hero's abilities submenu | 4 | |
| Right click | 866 | |
| Select / deselect | 246 | |
| Select group hotkey | 31 | |
| Use ability | 34 | |
1328 total
» units
| Wisp | 16 | |
| Huntress | 10 | |
| Glaive Thrower | 6 | |
32 total
» buildings
| Altar of Elders | 1 | |
| Moon Well | 5 | |
| Ancient of War | 4 | |
| Hunter's Hall | 1 | |
| Ancient Protector | 1 | |
| Tree of Ages | 1 | |
| Ancient of Wonders | 1 | |
| Tree of Life | 1 | |
15 total
» build order
00:17 Altar of Elders
00:23 Moon Well
01:47 Ancient of War
01:53 Hunter's Hall
02:09 Moon Well
02:47 Ancient of War
03:03 Moon Well
09:57 Ancient Protector
10:13 Tree of Ages
10:25 Moon Well
10:25 Moon Well
14:01 Ancient of Wonders
14:09 Ancient of War
17:08 Ancient of War
18:21 Tree of Life
team 2 (winner)

»
iggy_the_fisk (
red | 125 APM | 3093 actions | 24:41)
6 Archmage
3 Summon Water Elemental
3 Brilliance Aura
4 Mountain King
2 Storm Bolt
2 Bash
» actions
| Assign group hotkey | 225 | |
| Basic commands | 51 | |
| Build / train | 96 | |
| Enter build submenu | 30 | |
| Enter hero's abilities submenu | 11 | |
| Remove unit from queue | 1 | |
| Right click | 1615 | |
| Select / deselect | 517 | |
| Select group hotkey | 331 | |
| Use ability | 216 | |
3093 total
» units
| Peasant | 20 | |
| Footman | 10 | |
| Sorceress | 8 | |
| Priest | 4 | |
| Spell Breaker | 13 | |
| Rifleman | 6 | |
| Mortar Team | 1 | |
62 total
» upgrades
| Defend | 1 | |
| Priest Training | 1 | |
| Long Rifles | 1 | |
| Lumber Harvesting | 1 | |
4 total
» buildings
| Altar of Kings | 1 | |
| Barracks | 1 | |
| Farm | 8 | |
| Keep | 3 | |
| Scout Tower | 10 | |
| Arcane Vault | 2 | |
| Arcane Tower | 1 | |
| Arcane Sanctum | 3 | |
| Lumber Mill | 1 | |
| Guard Tower | 7 | |
| Blacksmith | 1 | |
| Town Hall | 1 | |
| Workshop | 1 | |
40 total
» build order
00:05 Altar of Kings
00:18 Barracks
00:23 Farm
00:55 Farm
01:33 Farm
02:44 Keep
02:44 Keep
03:07 Scout Tower
03:30 Arcane Vault
04:01 Arcane Tower
05:06 Farm
05:15 Farm
05:17 Arcane Sanctum
05:19 Arcane Sanctum
05:21 Arcane Sanctum
06:11 Farm
08:12 Lumber Mill
08:22 Farm
09:08 Scout Tower
09:33 Guard Tower
09:34 Scout Tower
10:12 Arcane Vault
11:39 Farm
11:59 Scout Tower
12:14 Guard Tower
12:14 Scout Tower
12:50 Scout Tower
12:56 Guard Tower
13:08 Guard Tower
13:10 Scout Tower
13:44 Guard Tower
15:28 Blacksmith
15:42 Scout Tower
17:25 Scout Tower
18:41 Guard Tower
18:43 Scout Tower
19:00 Guard Tower
20:15 Town Hall
21:49 Workshop
» items
| Scroll of Regeneration | 1 | |
| Scroll of Town Portal | 1 | |
2 total

»
timg4strok (
pink | 176 APM | 4340 actions | 24:42)
4 Demon Hunter
2 Mana Burn
2 Evasion
2 Keeper of the Grove
1 Entangling Roots
1 Thorns Aura
» actions
| Assign group hotkey | 32 | |
| Basic commands | 85 | |
| Build / train | 61 | |
| ESC pressed | 1 | |
| Enter build submenu | 17 | |
| Enter hero's abilities submenu | 7 | |
| Give item / drop item | 2 | |
| Right click | 2203 | |
| Select / deselect | 388 | |
| Select group hotkey | 1434 | |
| Use ability | 110 | |
4340 total
» units
| Wisp | 14 | |
| Huntress | 6 | |
| Dryad | 9 | |
| Druid of the Claw | 3 | |
| Glaive Thrower | 2 | |
34 total
» upgrades
| Abolish Magic | 1 | |
| Druid of the Claw Training | 2 | |
| Ultravision | 1 | |
| Strength of the Wild | 1 | |
| Reinforced Hides | 1 | |
| Vorpal Blades | 1 | |
7 total
» buildings
| Altar of Elders | 1 | |
| Moon Well | 8 | |
| Hunter's Hall | 1 | |
| Ancient of War | 1 | |
| Tree of Ages | 2 | |
| Ancient of Lore | 2 | |
| Tree of Eternity | 1 | |
| Ancient of Wonders | 1 | |
| Ancient of Wind | 2 | |
19 total
» build order
00:04 Altar of Elders
00:20 Moon Well
01:36 Hunter's Hall
01:45 Ancient of War
02:00 Moon Well
02:58 Tree of Ages
03:30 Moon Well
06:16 Ancient of Lore
06:17 Ancient of Lore
08:00 Moon Well
10:05 Moon Well
10:05 Moon Well
10:10 Tree of Eternity
10:12 Moon Well
10:18 Ancient of Wonders
13:55 Moon Well
21:32 Ancient of Wind
21:41 Ancient of Wind
» items
| Scroll of Town Portal | 2 | |
| Scroll of Regeneration | 1 | |
| Potion of Healing | 2 | |
| Mechanical Critter | 1 | |
| Orb of Venom | 1 | |
| Staff of Preservation | 1 | |
8 total
Chat log
(00:10 / All) timg4strok: gl hf
(00:13 / All) NomdeCode: u2
(00:22 / All) LouisArmstrong: Gl
(00:25 / All) timg4strok: you going aura first or arrows
(00:34 / All) LouisArmstrong: Who knows?
(00:39 / All) NomdeCode: ARROWZ
(02:20 / All) timg4strok: detonate next time
(02:26 / All) NomdeCode: ok
(02:28 / All) NomdeCode: ty
(02:29 / All) timg4strok: np
(02:34 / All) timg4strok: i know you need pointers, picking ud ne and everything
(02:38 / All) timg4strok: dont know how to play this gma
(02:45 / All) timg4strok: aura
(02:48 / All) timg4strok: jesus christ gg thanks for the win
(02:53 / All) NomdeCode: :Dyw
(03:49 / All) timg4strok: dont mind me im just here for the tome
(04:25 / All) NomdeCode: WOO gogo
(04:37 / All) NomdeCode: almost
(04:39 / All) NomdeCode: follow
(04:40 / All) NomdeCode: ull get it
(04:41 / All) timg4strok: ?
(04:47 / All) LouisArmstrong: Pink
(04:48 / All) LouisArmstrong: u lost ur DH
(04:49 / All) LouisArmstrong: Btw
(05:57 / All) LouisArmstrong: Lost ur DH again
(06:05 / All) timg4strok: lost the game thanks for the win
(07:23 / All) LouisArmstrong: Pink
(07:25 / All) LouisArmstrong: Dead DH again
(07:28 / All) timg4strok: ?
(07:39 / All) timg4strok: lmfao
(07:43 / All) timg4strok: nice hunt fiend push
(07:51 / All) iggy_the_fisk: shocking
(17:32 / All) iggy_the_fisk: but we followed the huntafiend manual perfectly...
(17:42 / All) iggy_the_fisk: did everything we always do every single game we ever play...
(18:03 / All) timg4strok: ;like i said thanks for the win
(18:38 / All) timg4strok: LOL TEAL
(18:40 / All) timg4strok: leave
(18:44 / All) timg4strok: enjoy the loss
(18:45 / All) timg4strok: ty
(18:56 / All) timg4strok: quiet??
(18:57 / All) timg4strok: ??
(18:59 / All) timg4strok: suck more
(19:06 / All) LouisArmstrong: 1vs1 Pink?
(19:08 / All) NomdeCode: lol first time trying this strat
(19:11 / All) timg4strok: i new it was win as soon as screen came up and saw night elf undead
(19:16 / All) LouisArmstrong: rofl
(19:23 / All) LouisArmstrong: Pink 1vs1?
(19:24 / All) timg4strok: sorry only noob shits go ne ud
(19:27 / All) timg4strok: yeah 1v1
(19:28 / All) NomdeCode: get off your fat black dildo you call a pedastal
(19:31 / All) timg4strok: so i can stomp you in 5 seconds
(19:34 / All) LouisArmstrong: Yea HLA and Reign are newbs right?
(19:36 / All) timg4strok: leave
(19:39 / All) iggy_the_fisk: english please
(19:40 / All) LouisArmstrong: Susiria and Lucifer are newbs right?
(19:46 / All) timg4strok: noob strategy sorry
(20:03 / All) timg4strok: going ne ud basically cries out "help me i cant win without abusing a strategy"
(20:10 / All) LouisArmstrong: lol
(20:12 / All) LouisArmstrong: u can abuse any 2 races
(20:13 / All) timg4strok: leave fat child
(20:14 / All) LouisArmstrong: U moron
(20:15 / All) timg4strok: no sorry
(20:19 / All) LouisArmstrong: You obvs dont know how to play
(20:23 / All) timg4strok: thats why 90% of 2v2 ladder is ne/ud teams right
(20:27 / All) timg4strok: right???
(20:30 / All) timg4strok: quit
(20:31 / All) NomdeCode: Is it?
(20:32 / All) timg4strok: thanks for the win
(20:33 / All) iggy_the_fisk: 2 aow hunts
(20:34 / All) NomdeCode: this is my 4th game
(20:35 / All) LouisArmstrong: Its simply an easy strategy to learn
(20:36 / All) iggy_the_fisk: potm goes to harass
(20:38 / All) iggy_the_fisk: SHOCKING
(20:43 / All) timg4strok: no its a simple strategy to execute
(20:51 / All) timg4strok: mass hunts all game and fiend to destro
(20:53 / All) LouisArmstrong: Exactly
(20:57 / All) timg4strok: no micro required
(21:02 / All) timg4strok: favorite strat for noobs
(21:06 / All) LouisArmstrong: No micro?
(21:11 / All) LouisArmstrong: Who lost their hero 3 times to surrounds?
(21:12 / All) iggy_the_fisk: sorry click the hero
(21:15 / All) timg4strok: lmfao
(22:07 / All) timg4strok: noob shit baby gonna tower up now
(22:10 / All) timg4strok: lmfao
(23:28 / All) timg4strok: LOL
(23:29 / All) timg4strok: HOLY SHIT
(23:33 / All) timg4strok: not clicking again
(23:36 / All) timg4strok: because god damn you suck
(23:43 / All) LouisArmstrong: I didnt even care
(23:47 / All) LouisArmstrong: Just wanted to kill ur hero again
(23:48 / All) timg4strok: jesus chris tleave
(23:50 / All) timg4strok: fail
(23:54 / All) LouisArmstrong: lol
(23:56 / All) LouisArmstrong: Ur a nub
(23:57 / All) timg4strok: no that came afterwards
(24:02 / All) NomdeCode: I see
(24:04 / All) LouisArmstrong: Nice solo record scrub
(24:08 / All) timg4strok: nice suiciding your army to kill dh, except you didnt
(24:11 / All) LouisArmstrong: lol
(24:11 / All) timg4strok: lmfao
(24:12 / All) timg4strok: 1v1
(24:14 / All) LouisArmstrong: Oh staff
(24:15 / All) LouisArmstrong: ur right
(24:27 / All) LouisArmstrong: whisper me anytime for 1vs1 except for when Im teaching nomde Elf/UD
(24:28 / All) timg4strok: quit
(24:30 / All) timg4strok: 1v1 right now
(24:32 / All) timg4strok: retard
(24:34 / All) timg4strok: not later
(24:35 / All) timg4strok: no dodge
(24:37 / All) timg4strok: LOL
(24:40 / All) iggy_the_fisk: ne ud and undead base